[Event "Fagernes Chess GM-Swiss 2024"]
[Site "Fagernes"]
[Date "2024.03.24"]
[Round "1.50"]
[White "Nandhidhaa, P V"]
[Black "Rynning, Rune Kleiven"]
[Result "1-0"]
[ECO "B53"]
[WhiteElo "2305"]
[BlackElo "1813"]
[Annotator "RC"]
[PlyCount "65"]
[EventDate "2024.03.25"]
[EventType "swiss"]
[EventCountry "NOR"]
[SourceTitle "playchess.com"]
[Source "ChessBase"]
[SourceQuality "1"]
[TimeControl "40/6000+30:2400+30"]

1. Nf3 c5 2. e4 d6 3. d4 cxd4 4. Qxd4 Nc6 5. Qe3 Nf6 6. Be2 g6 7. O-O Bg7 8. h3 O-O 9. Rd1 Qc7 10. Nc3 a6 11. Bd2 Bd7 12. Rac1 Rac8 13. Na4 b5 14. Nb6 Rb8 15. Nxd7 Nxd7 16. b3 b4 17. c3 a5 18. e5 Bxe5 19. Nxe5 Ndxe5 20. cxb4 axb4 21. Qe4 Rfc8 22. Be3 Qd7 23. f4 f5 24. Qd5+ Nf7 25. Bb5 Rxb5 26. Qxb5 Qe8 27. Rc2 e5 28. Rdc1 Nfd8 29. Qd5+ Kg7 30. Bb6 Ne7 31. Qxd6 Rxc2 32. Rxc2 Ndc6 33. fxe5 1-0

[Event "Fagernes Chess GM-Swiss 2024"]
[Site "Fagernes"]
[Date "2024.03.25"]
[Round "2"]
[White "Puranik, Abhimanyu"]
[Black "Nandhidhaa, P V"]
[Result "1/2-1/2"]
[ECO "C07"]
[WhiteElo "2618"]
[BlackElo "2305"]
[Annotator "TA"]
[PlyCount "47"]
[EventDate "2024.03.25"]
[EventType "swiss"]
[EventCountry "NOR"]
[SourceTitle "playchess.com"]
[Source "ChessBase"]
[SourceQuality "1"]
[TimeControl "40/6000+30:2400+30"]

1. e4 e6 2. d4 d5 3. Nd2 c5 4. Ngf3 cxd4 5. Nxd4 Nc6 6. Bb5 Bd7 7. Nxc6 bxc6 8. Bd3 Qc7 9. Qe2 Ne7 10. Nf3 Ng6 11. e5 {[%emt 0:00:17] Repels Bd6. The position is equal.} f6 12. Bxg6+ hxg6 13. Qd3 (13. O-O $11) 13... Kf7 14. Bf4 ({White should play} 14. h3 $15) 14... g5 $17 15. Bg3 Qa5+ 16. c3 c5 (16... Qb5 {simplifies} 17. Qxb5 cxb5 18. a3 Be7) 17. a4 $1 {[%emt 0:06:08] Prevents Bb5} Bc8 (17... Bxa4 18. exf6 gxf6 19. O-O $15) 18. h4 (18. exf6 $15 gxf6 19. O-O) 18... Ba6 19. Qc2 Be7 20. O-O-O {[%emt 0:09:06] [#] And now exf6 would win.} g4 21. Nd2 (21. exf6 $17 gxf6 22. h5) 21... f5 $19 22. f3 gxf3 23. Nxf3 {[%emt 0:00:04][%cal Od1d5] [#]} d4 (23... Qb6 $1 $19 24. Bf4 Bc4) 24. Ng5+ {[%emt 0:15:13] Weighted Error Value: White=0.27 (precise) /Black=0.17 (very precise) .  Mistake:       	White=5     	Black=1      Inaccurate:     	---       	Black=1      OK:         	White=4     	Black=4      Best:        	---       	Black=2      Strong:       	White=1     	---} (24. cxd4 $17 cxd4 25. Be1) 1/2-1/2

[Event "Fagernes Chess GM-Swiss 2024"]
[Site "Fagernes"]
[Date "2024.03.25"]
[Round "2"]
[White "Sasikiran, Krishnan"]
[Black "Celik, Hasan Huseyin"]
[Result "1/2-1/2"]
[ECO "C18"]
[WhiteElo "2578"]
[BlackElo "2417"]
[Annotator "TA"]
[PlyCount "93"]
[EventDate "2024.03.25"]
[EventType "swiss"]
[EventCountry "NOR"]
[SourceTitle "playchess.com"]
[Source "ChessBase"]
[SourceQuality "1"]
[TimeControl "40/6000+30:2400+30"]

1. e4 e6 2. d4 d5 3. Nc3 Bb4 4. e5 c5 5. a3 Bxc3+ 6. bxc3 Ne7 7. h4 Qc7 8. h5 h6 9. a4 b6 10. Bb5+ {[%emt 0:11:27] The position is equal.} Bd7 11. Ne2 a6 12. Bxd7+ Nxd7 13. O-O Rc8 14. Ng3 O-O 15. Qg4 f5 16. Qh4 Qd8 17. Ne2 Rf7 18. Qg3 Kh7 19. Nf4 Nf8 20. Qd3 a5 21. Rb1 Rc6 22. Re1 g5 $2 (22... cxd4 $11 23. cxd4 Rc4) 23. hxg6+ $18 Nexg6 24. Nh5 $1 Nd7 25. g3 {[%emt 0:04:55] Against Qh4} (25. Re3 $18) 25... cxd4 26. cxd4 Qc8 27. Bd2 $1 Rc4 28. Qe3 (28. Kg2 $18) 28... f4 {[%emt 0:01:10] [#]} (28... Qf8 $16) 29. Qd3 $1 $36 {[%emt 0:00:11][%mdl 2048] White is really pushing.} (29. Nxf4 Nxf4 30. gxf4 Qg8+ 31. Kf1 Qg4 $11) (29. gxf4 Qg8 30. Kh1 Qd8 31. Nf6+ Nxf6 32. exf6 Qxf6 (32... Rxc2 $2 33. f5 $18) 33. Qxe6 Rxc2 (33... Nxf4 34. Qxf6 Rxf6 35. Re7+ Kg8 36. Bxf4 $11) 34. Qxf6 Rxf6 $15) 29... fxg3 (29... Rf5 $16 {might work better.} 30. g4 (30. Nxf4 Nxf4 31. Bxf4 h5 $16) 30... Rg5) 30. fxg3 Rf5 31. g4 Ndxe5 32. Rxe5 Rxe5 (32... Nxe5 $142 33. Nf6+ Kh8 34. dxe5 Rxf6 35. exf6 Rxg4+ 36. Kh2 h5) 33. dxe5 (33. Rf1 $142 Re4 34. Nf6+ Kh8 35. Qh3 (35. Nxe4 dxe4 36. Qxe4 Qd7 $18) 35... Rxg4+ 36. Nxg4) 33... Rxg4+ 34. Kf2 {[%emt 0:00:27] Hoping for Nf6+.} Qf8+ 35. Nf6+ Kg7 36. Qf3 $2 (36. Rxb6 Nxe5 (36... Rxa4 37. Rb7+) 37. Bxh6+ Kxh6 38. Qe3+ Kg6 (38... Rg5 $2 39. Rxe6 Ng4+ 40. Ke2 $19) 39. Qxe5 (39. Rxe6 $2 Re4 $19) 39... Qxf6+ 40. Qxf6+ Kxf6 $19) (36. Rf1) 36... Nxe5 {[%emt 0:00:11] [#]} 37. Nh5+ (37. Bxh6+ $1 $18 {is the precise move to win.} Kxh6 38. Nxg4+ Nxg4+ 39. Ke2 Qxf3+ 40. Kxf3 Ne5+ 41. Kf4) 37... Kg8 $16 38. Qxf8+ Kxf8 39. Rxb6 (39. Bxh6+ Kf7 $16) 39... Kf7 (39... Rc4 $14) 40. Rb7+ (40. Bxh6 $6 Rh4 41. Rb7+ Kg6 42. Nf4+ Kf5 $14 (42... Kxh6 43. Nxe6 Rxa4 44. Rb5 $11) (42... Kxh6 43. Nxe6 Kg6 44. Nc5 $11)) 40... Kg6 41. Nf4+ Kf5 42. Nd3 (42. Re7 $16) 42... Rxa4 $14 43. Nxe5 Kxe5 44. Ke2 h5 45. Rh7 {[%emt 0:00:00] White is slightly better.} h4 46. Be1 Kf5 47. Rh5+ {[%emt 0:00:00] White really could win this.   Weighted Error Value: White=0.56/Black=0.34.  Loses game:     	---       	Black=2      Mistake:       	White=4     	Black=3      Inaccurate:     	White=5     	Black=6      OK:         	White=12    	Black=6      Best:        	White=2     	Black=3      Strong:       	White=3     	---} (47. Rxh4 Rxh4 48. Bxh4 Ke4 $11) 1/2-1/2

[Event "Fagernes Chess GM-Swiss 2024"]
[Site "Fagernes"]
[Date "2024.03.25"]
[Round "2"]
[White "Amar, Elham"]
[Black "Ingebretsen, Jens E"]
[Result "1/2-1/2"]
[ECO "B22"]
[WhiteElo "2567"]
[BlackElo "2402"]
[Annotator "TA"]
[PlyCount "75"]
[EventDate "2024.03.25"]
[EventType "swiss"]
[EventCountry "NOR"]
[SourceTitle "playchess.com"]
[Source "ChessBase"]
[SourceQuality "1"]
[TimeControl "40/6000+30:2400+30"]

1. e4 c5 2. Nf3 Nc6 3. c3 Nf6 4. e5 Nd5 5. Bc4 Nb6 6. Bb3 c4 7. Bc2 d6 8. exd6 Qxd6 9. O-O Bg4 10. h3 Bh5 11. Re1 {[%emt 0:00:07] Prevents Ne5.} O-O-O 12. Be4 e6 13. a4 f5 14. Bxc6 Qxc6 15. a5 $1 Nd5 16. Ne5 Bxd1 17. Nxc6 bxc6 18. Rxd1 Nf6 19. Ra4 Rd5 20. Re1 (20. Rxc4 $11 {is more appropriate.} Rxa5 21. b4 (21. Rxc6+ Kd7 $11)) 20... Kd7 21. a6 Bd6 22. d4 cxd3 23. Be3 (23. c4 $15 Re5 24. Rd1) 23... Rb5 {[%emt 0:23:09] Hoping for ...e5.} 24. b4 f4 (24... Nd5 $17 25. Rd1 f4 (25... Nxe3 26. fxe3 Be7 27. Kf2 $17) 26. Bxa7 Ra8) 25. Bxa7 $11 Ra8 26. Bc5 Bxc5 27. bxc5 Rxc5 28. c4 $1 Kc7 29. Nd2 Nd7 $36 {[%emt 0:00:25][%mdl 2048] Black has good play.} (29... e5 $6 30. Nb3 Nd7 31. a7 $16) 30. Rb1 (30. Rxe6 $11 {keeps the balance.} Re5 31. Rxe5 Nxe5 32. c5) 30... Nb6 (30... Re5 $17 {Threatens to win with ...Nc5.} 31. Ra3 (31. Rb7+ Kc8 $15) 31... Nc5) 31. Ra3 e5 (31... Nxc4 32. Nxc4 (32. Rxd3 Nd6 $17) 32... Rxc4 33. Rxd3 (33. Rb7+ Kc8 $11) 33... Rxa6 34. Rbd1 $17) 32. f3 Nxc4 33. Rb7+ ({Much worse is} 33. Rxd3 Rxa6 34. Nxc4 Rxc4 $17) 33... Kc8 34. Nxc4 (34. Rxd3 $11 Rxa6 35. Rdd7 (35. Rxg7 $2 Ne3 $19) 35... Nxd2 36. Rdc7+ Kd8 37. Rf7) 34... Rxc4 $17 35. Rxd3 {[%emt 0:01:33] [#]} Rxa6 ({Better is} 35... Rd4 $1 $17 36. Rxd4 exd4) 36. Rdd7 $11 {[%emt 0:00:07] The position is equal.} (36. Rxg7 {leads to mate.} Ra1+ 37. Kh2 Rcc1 38. Rg8+ Kc7 39. Rg7+ Kb6 40. Rb3+ Kc5) 36... Ra1+ 37. Kh2 {[%emt 0:00:04] White threatens Rdc7+ and mate.} Rcc1 38. Rdc7+ {[%emt 0:00:35] Weighted Error Value: White=0.14 (very precise) /Black=0.14 (very precise) .  Mistake:       	White=4     	Black=3      Inaccurate:     	---       	Black=2      OK:         	White=11    	Black=10     Best:        	White=5     	Black=3      Strong:       	White=2     	---} 1/2-1/2

[Event "Fagernes Chess GM-Swiss 2024"]
[Site "Fagernes"]
[Date "2024.03.25"]
[Round "2"]
[White "Urkedal, Frode Olav Olsen"]
[Black "Panda Sambit"]
[Result "1/2-1/2"]
[ECO "D35"]
[WhiteElo "2536"]
[BlackElo "2377"]
[Annotator "TA"]
[PlyCount "94"]
[EventDate "2024.03.25"]
[EventType "swiss"]
[EventCountry "NOR"]
[SourceTitle "playchess.com"]
[Source "ChessBase"]
[SourceQuality "1"]
[TimeControl "40/6000+30:2400+30"]

1. d4 d5 2. c4 e6 3. Nc3 Nf6 4. cxd5 exd5 5. Bg5 c6 6. e3 h6 7. Bh4 Be7 8. Bd3 O-O 9. Nge2 Nbd7 10. O-O Re8 11. a4 Nh5 12. Bxe7 Qxe7 13. a5 Nf8 14. Qc2 Bg4 15. h3 Bxe2 16. Nxe2 Rac8 17. Rab1 a6 18. b4 Nf6 19. Rfe1 Ne4 20. f3 Nd6 21. Ng3 g6 22. Qf2 $1 Ne6 23. Nf1 Qf6 24. Nd2 Rc7 25. Nb3 Rce7 26. Rbc1 Nf5 (26... h5 $15) 27. Re2 h5 28. Rce1 h4 29. Bxf5 gxf5 30. f4 Ng7 31. Nd2 (31. g4 $11) 31... Nh5 $1 $15 32. Nf3 Ng3 33. Rc2 Kh8 34. Kh2 $2 {[%emt 0:01:07] [#]} (34. Rb2 $15) 34... Rg8 $2 (34... Rxe3 $1 $19 35. Ne5 (35. Rxe3 $2 {perishes.} Rxe3 36. Ne5 Kg7 $19) (35. Rxc6 $2 Rxe1 36. Qxe1 Rxe1 $19) 35... Rxe1 36. Qxe1 Kg8) 35. Rec1 Qh6 (35... Kg7 $15) 36. b5 $1 $36 {[%emt 0:00:55][%mdl 2048] White has good play. The position is equal.} cxb5 37. Rc7 Qd6 38. Rc8 Ree8 39. Rxe8 Rxe8 40. Nxh4 Rg8 41. Nf3 f6 $1 42. Nh4 Qd7 43. Qe1 Ne4 44. Rc2 Nd6 45. Rc5 Ne4 46. Rc2 Nd6 47. Rc5 Ne4 {[%emt 0:03:58] Weighted Error Value: White=0.13 (very precise) /Black=0.13 (very precise) .  Loses game:     	White=1     	---        Missed win:     	---       	Black=1      Mistake:       	White=1     	Black=2      Inaccurate:     	White=1     	Black=1      OK:         	White=13    	Black=14     Best:        	White=3     	Black=1      Strong:       	White=2     	Black=2} 1/2-1/2

[Event "Fagernes Chess GM-Swiss 2024"]
[Site "Fagernes"]
[Date "2024.03.25"]
[Round "2"]
[White "Raja Rithvik R"]
[Black "Moksh Amit Doshi"]
[Result "1/2-1/2"]
[ECO "C88"]
[WhiteElo "2532"]
[BlackElo "2353"]
[Annotator "TA"]
[PlyCount "116"]
[EventDate "2024.03.25"]
[EventType "swiss"]
[EventCountry "NOR"]
[SourceTitle "playchess.com"]
[Source "ChessBase"]
[SourceQuality "1"]
[TimeControl "40/6000+30:2400+30"]

1. e4 e5 2. Nf3 Nc6 3. Bb5 a6 4. Ba4 Nf6 5. O-O Be7 6. Re1 b5 7. Bb3 O-O 8. a4 b4 9. d4 d6 10. dxe5 Nxe5 11. Bf4 Ng6 12. Bg3 Bb7 13. Nbd2 a5 14. e5 dxe5 15. Nxe5 Nxe5 16. Bxe5 Bc5 17. Nc4 Ne4 18. Qxd8 Rfxd8 19. Re2 Rd7 20. Rae1 Kf8 21. h3 (21. Rxe4 $2 Bxe4 22. Bg3 Bf5 $19) (21. Bf4 $5) 21... f6 22. Bf4 g5 {[%emt 0:02:06] [#] ...Bxf2+ is the strong threat.} 23. Be3 Bd5 24. Nd2 Bxe3 25. Nxe4 Bxe4 26. Rxe3 ({Of course not} 26. fxe3 Ra6 27. c3 bxc3 $17) 26... Bd5 27. Bxd5 Rxd5 $11 {[%emt 0:00:17][%mdl 4096] Endgame. KRR-KRR} 28. Re6 Rd6 29. Rxd6 cxd6 $14 {[%emt 0:00:05] KR-KR} 30. Re6 Rc8 31. Rxd6 Rxc2 32. Rxf6+ Kg7 33. Rf5 h6 34. b3 Rc1+ 35. Kh2 Rc3 36. Rxa5 Rxb3 {[%emt 0:00:11] [#]} 37. h4 $1 gxh4 (37... Rb2 38. Rb5) 38. Rb5 h3 39. g3 ({Much worse is} 39. gxh3 $6 Rb1 $11) 39... Rf3 40. Rxb4 {[%emt 0:01:23] And now Rg4+ would win.} ({Weaker is} 40. Kxh3 Rxf2 41. Rxb4 Ra2 $14) 40... Rxf2+ 41. Kxh3 Ra2 42. g4 (42. Kg4 $18) 42... Ra3+ $1 $11 43. Kg2 (43. Kh4 $16) 43... Kg6 {[%emt 0:01:50] The position is equal.} 44. Kf2 h5 45. gxh5+ Kxh5 46. Ke2 Kg5 47. Kd2 Kf6 48. Kc2 Ke6 49. Kb2 Rh3 50. Rd4 Ke7 51. a5 Rh5 52. Ra4 Kd6 53. a6 {[%emt 0:00:00] White wants to mate with a7.} Rh8 54. Kc3 (54. a7 $5 Ra8 $8 55. Kc2 $11) 54... Kc6 55. a7 Ra8 56. Kc4 Kb6 57. Kb4 Rxa7 58. Rxa7 Kxa7 {[%emt 0:00:00] Weighted Error Value: White=0.12 (very precise) /Black=0.05 (flawless) .  Missed win:     	White=1     	---        Mistake:       	White=1     	---        Inaccurate:     	---       	Black=2      OK:         	White=20    	Black=21     Best:        	White=3     	Black=4      Strong:       	---       	Black=1} 1/2-1/2

[Event "Fagernes Chess GM-Swiss 2024"]
[Site "Fagernes"]
[Date "2024.03.25"]
[Round "2"]
[White "Blomqvist, Erik"]
[Black "Shehzad, Shazil"]
[Result "1-0"]
[ECO "C84"]
[WhiteElo "2511"]
[BlackElo "2301"]
[Annotator "TA"]
[PlyCount "77"]
[EventDate "2024.03.25"]
[EventType "swiss"]
[EventCountry "NOR"]
[SourceTitle "playchess.com"]
[Source "ChessBase"]
[SourceQuality "1"]
[TimeControl "40/6000+30:2400+30"]

1. e4 e5 2. Nf3 Nc6 3. Bb5 a6 4. Ba4 Nf6 5. O-O Be7 6. Nc3 b5 7. Bb3 d6 8. a3 Bg4 9. h3 Bxf3 10. Qxf3 {[%emt 0:00:10] Die Stellung ist ausgeglichen.} Nd4 {[%emt 0:00:55] Wehrt Ne2 ab} 11. Qd1 Nxb3 12. cxb3 O-O 13. d4 c6 14. Be3 a5 15. dxe5 dxe5 16. Qc2 Qd7 17. Rfd1 Qb7 18. Ne2 Rfc8 19. Rac1 c5 20. Bg5 h6 21. Bxf6 Bxf6 22. Rd5 c4 23. Rcd1 Rc7 24. Nc3 cxb3 25. Qxb3 b4 26. Nb5 ({Günstiger ist} 26. Rb5 $14 Qa6 (26... Rxc3 27. Qa4 $16) 27. Nd5 (27. axb4 $2 Rxc3 28. Qxc3 Qxb5 $19)) 26... bxa3 $11 27. bxa3 a4 28. Qd3 Re7 ({Vorzuziehen ist} 28... Rc6 $11) 29. Rc1 $14 Kh7 30. Rc4 Qb6 31. Qc2 Bh4 32. Kf1 (32. Rxa4 $2 {ist das falsche Schlagen.} Rxa4 (32... Qxf2+ $2 33. Qxf2 Bxf2+ 34. Kxf2 $19) 33. Qc5 Qxc5 34. Rxc5 Rxe4 $19) (32. Rc6 $142 Qb8 (32... Bxf2+ $2 33. Kf1 $18) 33. g3) 32... Ra5 (32... Re6 $142 33. g3 (33. Rxa4 $2 {verliert.} Rc6 $19) 33... Bd8) 33. Rc6 $16 Qb8 {[%emt 0:02:40] Schwarz ist schwach auf den weissen Feldern} 34. Nd6 {[%emt 0:04:10] Weiß steht aktiver.} Rea7 35. g3 $36 {[%emt 0:02:01][%mdl 2048] Weiss bestimmt, wo es lang geht.} Bf6 {[%emt 0:01:41] [#]} (35... Bd8 $16) 36. Nxf7 $2 Qb3 $14 {[%emt 0:00:51] Droht ...Qxc2 und aus.} 37. Nd6 {[%emt 0:00:16] Schwarz muss nun Qe2 beachten.} Qxa3 $2 (37... Rxd5 $14 38. exd5+ Qxc2 39. Rxc2 Rd7) 38. Nc4 $1 $18 Qa1+ 39. Rd1 {[%emt 0:00:12] Gewichteter Fehlerwert: Weiß=0.21 (präzise) /Schwarz=0.43.  Verlustzug:     	---       	Schwarz=1     Gewinn verpasst:   	Weiß=1     	---        Fehler:       	Weiß=2     	Schwarz=3     Ungenau:       	Weiß=2     	Schwarz=5     OK:         	Weiß=9     	Schwarz=10    Bester:       	Weiß=6     	Schwarz=3} 1-0

[Event "Fagernes Chess GM-Swiss 2024"]
[Site "Fagernes"]
[Date "2024.03.25"]
[Round "2"]
[White "Petkov, Momchil"]
[Black "Kreken, Eivind Grunt"]
[Result "1/2-1/2"]
[ECO "D26"]
[WhiteElo "2500"]
[BlackElo "2215"]
[Annotator "TA"]
[PlyCount "78"]
[EventDate "2024.03.25"]
[EventType "swiss"]
[EventCountry "NOR"]
[SourceTitle "playchess.com"]
[Source "ChessBase"]
[SourceQuality "1"]
[TimeControl "40/6000+30:2400+30"]

1. d4 d5 2. c4 e6 3. Nf3 Nf6 4. Nc3 c5 5. e3 dxc4 6. Bxc4 a6 7. e4 b5 {[%emt 0:08:17] [#] ...cxd4 wäre nun fies.} 8. Bb3 Bb7 9. e5 cxd4 10. Nxd4 Bc5 11. Be3 (11. Nxe6 {scheint wilder zu sein.} Qxd1+ 12. Kxd1 fxe6 13. exf6 Nc6 14. fxg7 Rd8+ 15. Ke1) 11... Bxd4 12. Qxd4 Qxd4 13. Bxd4 Nc6 14. exf6 Nxd4 15. fxg7 Rg8 16. f3 $1 Rd8 17. Rd1 Rxg7 18. Kf2 Rg5 {[%emt 0:02:16] Pariert Bd5.} 19. Rhe1 Rc5 20. Ne4 Bxe4 21. Rxe4 Nxb3 22. Rxd8+ Kxd8 23. axb3 $15 {[%emt 0:00:05][%mdl 4096] Endspiel. KR-KR} Ke7 24. Re2 a5 25. g4 h6 26. Rd2 a4 27. bxa4 {[%emt 0:01:07] Die Stellung ist ausgeglichen.} bxa4 28. Kg3 Kf6 29. Rd4 Rb5 30. Rxa4 Rxb2 31. Ra8 Kg6 32. h4 Rc2 33. h5+ Kg7 34. Ra4 Rb2 35. Ra3 Kf6 36. f4 Rb4 37. Kf3 Rc4 38. Ra5 Rc3+ 39. Kf2 Rc2+ {[%emt 0:00:06] Gewichteter Fehlerwert: Weiß=0.06 (makellos) /Schwarz=0.03 (makellos) .  Ungenau:       	Weiß=2     	---        OK:         	Weiß=13    	Schwarz=16    Bester:       	Weiß=1     	Schwarz=1     Stark:        	Weiß=1     	---} 1/2-1/2

[Event "Fagernes Chess GM-Swiss 2024"]
[Site "Fagernes"]
[Date "2024.03.25"]
[Round "2"]
[White "Mitusov, Semen"]
[Black "Aniruddh Chatterjee"]
[Result "1/2-1/2"]
[ECO "B19"]
[WhiteElo "2487"]
[BlackElo "2182"]
[Annotator "TA"]
[PlyCount "78"]
[EventDate "2024.03.25"]
[EventType "swiss"]
[EventCountry "NOR"]
[SourceTitle "playchess.com"]
[Source "ChessBase"]
[SourceQuality "1"]
[TimeControl "40/6000+30:2400+30"]

1. e4 c6 2. d4 d5 3. Nc3 dxe4 4. Nxe4 Bf5 5. Ng3 Bg6 6. h4 h6 7. Nf3 Nd7 8. h5 Bh7 9. Bd3 Bxd3 10. Qxd3 e6 11. Bd2 Ngf6 12. O-O-O Be7 13. Kb1 O-O 14. Ne4 c5 15. Nxf6+ Nxf6 {[%emt 0:01:12] [#]} 16. g4 $1 Nxg4 {[%emt 0:14:46] The position is equal.} 17. Qe2 {[%emt 0:01:12] Strongly threatening Rhg1.} cxd4 18. Rdg1 d3 19. cxd3 f5 20. Qxe6+ Kh8 21. d4 Qd6 22. Qxd6 Bxd6 23. Rg2 Be7 24. Bc3 Rfd8 (24... Kh7 $11) 25. Ne5 {[%emt 0:16:02] Ng6+ would now be deadly.} Kh7 (25... Nxe5 26. dxe5 Bg5 27. f4 Bxf4 28. Rf1 $16) 26. Re1 Bh4 (26... Nxe5 $14 27. dxe5 (27. Rxe5 Bf6 $16) 27... Bg5) 27. Nxg4 $18 fxg4 {[%emt 0:00:07] [#]} 28. d5 $1 ({Much less strong is} 28. Rxg4 $6 Bf6 $11) 28... Rd7 29. Re4 ({Better is} 29. Rxg4 $16 Bxf2 30. Re6) 29... Rf8 30. Rgxg4 ({Of course not} 30. Rexg4 Bf6 $11) 30... Bg5 31. f4 Bf6 32. Bb4 (32. Be5 $1 $14) 32... Rc8 $1 $11 33. d6 a5 $1 34. Bc3 Rxd6 35. Rg1 Bxc3 36. bxc3 Rd7 {[%emt 0:00:27] Against Re7} 37. Kc2 Rc5 38. Re5 Rdc7 39. Rg3 Kg8 {[%emt 0:03:14] Weighted Error Value: White=0.15 (very precise) /Black=0.22 (precise) .  Mistake:       	White=2     	Black=2      Inaccurate:     	White=4     	Black=3      OK:         	White=11    	Black=9      Best:        	White=2     	---        Strong:       	White=1     	Black=2} 1/2-1/2

[Event "Fagernes Chess GM-Swiss 2024"]
[Site "Fagernes"]
[Date "2024.03.25"]
[Round "2"]
[White "Sokolovsky, Yahli"]
[Black "Haug, Havard"]
[Result "1-0"]
[ECO "B15"]
[WhiteElo "2475"]
[BlackElo "2341"]
[Annotator "TA"]
[PlyCount "125"]
[EventDate "2024.03.25"]
[EventType "swiss"]
[EventCountry "NOR"]
[SourceTitle "playchess.com"]
[Source "ChessBase"]
[SourceQuality "1"]
[TimeControl "40/6000+30:2400+30"]

1. e4 c6 2. d4 d5 3. Nd2 dxe4 4. Nxe4 Nf6 5. Nxf6+ exf6 6. c3 Bd6 7. Bd3 O-O 8. Qc2 Re8+ 9. Ne2 h5 10. Be3 Nd7 11. c4 Nf8 12. O-O-O Be6 13. a3 a5 14. Nc3 Qc7 15. g3 Bg4 16. Be2 Qd7 17. c5 Bb8 18. d5 Bxe2 19. Qxe2 Qf5 20. Qd3 Qf3 21. Bd4 Qxd3 22. Rxd3 cxd5 23. Be3 d4 24. Rxd4 Be5 25. Rc4 Bxc3 26. Rxc3 Nd7 27. Rd1 Ne5 28. h3 a4 29. Rd4 Red8 30. Kc2 Rxd4 31. Bxd4 Nc6 32. Rc4 Kf8 33. Bc3 $1 Re8 34. Kd2 (34. Rxa4 Re2+ 35. Kb3 Rxf2 $17) (34. Rf4 $16) 34... Rd8+ $11 35. Ke3 Re8+ 36. Re4 Rxe4+ (36... Nd8 $11) 37. Kxe4 $16 Ke7 38. Kd5 g5 (38... Kd7 $16 {was worth a try.}) 39. Kc4 $1 $18 Ne5+ 40. Bxe5 fxe5 41. Kb5 f5 {[%emt 0:04:46] [#]} 42. Kb6 $1 (42. Kxa4 e4 43. Kb5 f4 44. gxf4 g4 45. hxg4 h4 $19) 42... f4 {[%emt 0:00:16] [#]} 43. Kxb7 ({White should play} 43. gxf4 $1 $18 g4 44. hxg4 (44. fxe5 $2 gxh3 45. f4 h2 $19)) 43... fxg3 $16 44. fxg3 e4 45. c6 e3 46. c7 e2 47. c8=Q (47. c8=B e1=Q (47... e1=B 48. g4 $11) 48. h4 Qxg3 $19) 47... e1=Q 48. Qc5+ Kf7 $2 (48... Kf6 $16) 49. Qf5+ $18 (49. Qxg5 $6 Qe2 $18) 49... Ke8 50. Qxg5 Qh1+ (50... Kf8 {might work better.} 51. Qxh5 Qe7+ 52. Ka6 (52. Kb6 Qf6+ 53. Ka5 Qxb2 $18) 52... Qf6+ 53. Ka5 Qxb2 54. Qf3+ (54. Kxa4 Qd4+ 55. Kb5 Qd3+ 56. Kc6 Qa6+ 57. Kc7 Qa7+ 58. Kd8 Qe7+ 59. Kc8 Qe6+ 60. Kc7 Qe7+ 61. Kc6 Qe6+ 62. Kc7 Qe7+ 63. Kb8 Qd6+ 64. Kb7 Qe7+ 65. Kc6 Qe6+ 66. Kc5 Qe3+ 67. Kc4 Qe4+ 68. Kc3 Qe3+ 69. Kc2 Qf2+ 70. Kb3 Qxg3+ 71. Kc4 Qxa3 $11) 54... Kg7 55. Kxa4 Qb6) 51. Kb6 $18 Qxh3 52. Ka5 Qh1 53. Qe5+ (53. Kxa4 Kf7 54. Qf5+ Kg8) 53... Kf7 (53... Kd7 $142 54. Kxa4 Kc8 55. Qc5+ Kd7) 54. Kxa4 $18 Qd1+ (54... Kg6 $142 55. Qd6+ Kf7 56. Qd7+ Kf8) 55. Kb5 $18 Qb3+ 56. Kc5 Kg6 57. Qd6+ Kh7 58. Qc7+ Kg8 59. Qe5 Qc2+ 60. Kd6 Qa4 (60... Qf2 $18 61. b4 (61. Qxh5 Qb6+ 62. Ke7 Qc7+ 63. Ke6 Qc6+ 64. Kf5 Qd5+ 65. Kg4 Qd1+ 66. Kh4 Qh1+ 67. Kg5 Qc1+ 68. Kf5 Qc2+ 69. Kf4 Qc4+ 70. Kf3 Qb3+ 71. Kg2 Qxb2+ 72. Kh3 Qxa3 $11) (61. Qg5+ Kf8 $18) 61... Qb6+ 62. Ke7 Qb7+ 63. Kf6 Qg7+ 64. Ke6 Qf7+ 65. Kd6 Qf2) 61. Qe6+ ({Weaker is} 61. Qxh5 Qa6+ 62. Kc7 Qa7+ 63. Kc6 Qa6+ 64. Kd7 Qb7+ 65. Ke6 Qa6+ 66. Ke7 Qb7+ 67. Kd6 Qa6+ 68. Ke7 (68. Kc7 Qa7+ 69. Kc6 Qa6+ 70. Kc7 $11) 68... Qb7+ 69. Kd6 Qb6+ 70. Kd7 Qb7+ 71. Kd6 $11) 61... Kh8 62. Qc8+ Kg7 63. Qd7+ 1-0